Map: 포트 알렉산더 - 래더

Players

Classic

  • Race: Protoss Protoss
  • League: Master
  • Spawn Location: 5:00

soO - Winner!

  • Race: Zerg Zerg
  • Spawn Location: 11:00

Event: IEM Season 13 - Katowice Server Qualifiers Asia 1

VOD

Have the link to the VOD?

Description

Time

  • Played on: Jan. 14, 2019, 4:22 a.m.
  • Length: 12:32

All games in this series

Show
View Real Time Build Order
Export as new Build Order

Classic Protoss 

Build Orders: 1 Gate Expand, Oracle Opening, Phoenix Opening, Archon Immortal 

Get SALT Encoding   

  12  0:00  Probe  
  13  0:12  Probe  
  14  0:18  Pylon  
  14  0:24  Probe  
  15  0:33  Probe  
  15  0:39  Gateway  
  15  0:41  Probe  
  16  0:47  Assimilator  
  17  0:51  Probe  
  18  1:03  Probe  
  19  1:15  Probe  
  20  1:25  Nexus  
  20  1:28  Probe  
  21  1:41  Cybernetics Core  
  21  1:42  Probe  
  22  1:48  Assimilator  
  22  1:54  Pylon  
  22  1:59  Probe  
  23  2:08  Adept  
  23  2:13  Probe  
  24  2:19  Stargate  
  26  2:25  Probe  
  26  2:27  Warp Gate  
  27  2:34  Adept, Probe  
  27  2:35  Probe  
  29  2:42  Probe  
  29  2:43  Probe  
  33  2:51  Probe  
  33  2:53  Probe  
  35  2:59  Phoenix  
  35  3:05  Probe x2  
  39  3:15  Pylon  
  39  3:17  Oracle, Probe x2  
  41  3:25  Gateway  
  44  3:30  Probe x2  
  46  3:35  Assimilator  
  46  3:37  Assimilator  
  46  3:42  Probe x2  
  46  3:44  Pylon  
  46  3:45  Oracle  
  48  3:54  Probe x2  
  53  4:02  Zealot  
  55  4:03  Pylon  
  55  4:08  Probe x2  
  57  4:15  Oracle  
  57  4:20  Probe x2  
  57  4:22  Robotics Facility  
  62  4:38  Nexus  
  62  4:40  Pylon  
  62  4:43  Sentry x2  
  62  4:45  Oracle  
  66  4:47  Pylon  
  66  4:48  Probe  
  70  5:09  Probe x2  
  70  5:13  Observer  
  73  5:16  Gateway  
  73  5:17  Gateway  
  73  5:19  Twilight Council  
  73  5:22  Forge  
  73  5:23  Probe x2  
  75  5:31  Immortal  
  76  5:35  Probe x2  
  81  5:47  Probe x2  
  81  5:49  Gateway  
  83  5:50  Gateway  
  83  5:51  Probe  
  84  5:59  Probe  
  84  6:00  Probe, Immortal  
  83  6:05  Charge  
  84  6:13  Robotics Facility  
  84  6:14  Pylon  
  84  6:15  Probe x3, Protoss Ground Weapons Level 1  
  87  6:25  Templar Archives  
  87  6:26  Gateway  
  87  6:30  Gateway, Immortal, Probe x3  
  90  6:33  Assimilator  
  90  6:38  Assimilator  
  90  6:40  Pylon  
  94  6:48  Probe x3  
  97  6:54  Immortal  
  96  7:02  Immortal  
  96  7:06  Zealot  
  96  7:07  Zealot x3  
  108  7:09  High Templar  
  108  7:10  High Templar  
  108  7:15  Archon, Pylon  
  116  7:17  Pylon  
  116  7:21  Pylon  
  116  7:22  Pylon  
  116  7:24  Phoenix  
  116  7:26  Photon Cannon  
  115  7:39  Zealot x5  
  115  7:43  Phoenix  
  114  8:00  Photon Cannon  
  114  8:01  Probe x2  
  114  8:02  Probe, Phoenix  
  117  8:05  Photon Cannon  
  115  8:19  Phoenix  
  114  8:21  Photon Cannon  
  114  8:23  Photon Cannon  
  114  8:26  Photon Cannon  
  114  8:28  Shield Battery  
  116  8:36  High Templar x2  
  116  8:40  Archon  
  120  8:42  Shield Battery  
  120  8:43  Pylon  
  120  8:44  Phoenix  
  120  8:45  Probe x3  
  125  8:52  Photon Cannon  
  122  9:01  Photon Cannon, Phoenix  
  119  9:03  Photon Cannon  
  119  9:05  Probe x3  
  124  9:12  Stargate  
  124  9:18  High Templar  
  124  9:19  High Templar  
  128  9:24  Archon  
  128  9:25  Phoenix  
  129  9:35  Probe x2, Pylon  
  129  9:36  Probe  
  132  9:41  Phoenix  
  132  9:45  Forge  
  132  9:51  Fleet Beacon  
  134  9:53  Photon Cannon  
  134  9:55  Pylon  
  134  9:57  Probe x2  
  134  9:58  Probe  
  137  10:03  Protoss Ground Weapons Level 2  
  137  10:04  Phoenix  
  137  10:06  Phoenix  
  136  10:10  Probe x3  
  141  10:23  Pylon  
  141  10:26  Warp Prism, Anion Pulse-Crystals  
  141  10:27  Immortal  
  143  10:39  Pylon  
  147  10:47  Phoenix x2  
  151  10:59  Immortal x2  
  151  11:12  Phoenix x2  
  155  11:23  High Templar x2, Zealot x4  
  155  11:24  Zealot  
  169  11:26  Pylon  
  169  11:27  Archon  
  169  11:32  Zealot  
  161  11:56  Zealot x2  
  161  11:57  Zealot x4  
  161  11:59  Zealot x2  
Show
View Real Time Build Order
Export as new Build Order

soO Zerg - Winner!

Build Orders: Hatch First, Muta Ling Bane 

Get SALT Encoding   

  12  0:00  Drone  
  13  0:12  Overlord  
  13  0:18  Drone  
  14  0:31  Drone x2  
  14  0:35  Drone  
  17  0:52  Hatchery  
  17  0:55  Drone  
  17  0:59  Drone  
  18  1:10  Extractor  
  17  1:14  Spawning Pool  
  17  1:17  Drone  
  17  1:20  Drone  
  18  1:28  Drone  
  19  1:40  Drone  
  20  1:51  Overlord  
  20  2:00  Queen  
  22  2:05  Queen  
  22  2:06  Zergling x4  
  26  2:11  Metabolic Boost  
  26  2:12  Drone  
  28  2:15  Drone  
  28  2:23  Drone  
  28  2:25  Drone  
  30  2:36  Drone x2  
  32  2:43  Hatchery  
  31  2:52  Queen  
  31  2:54  Zergling x2  
  31  2:58  Overlord  
  34  3:06  Drone x2  
  34  3:11  Drone  
  36  3:17  Drone x2  
  36  3:18  Drone x2  
  40  3:29  Queen  
  40  3:34  Drone x2  
  44  3:37  Overlord  
  44  3:47  Overlord  
  44  3:52  Spore Crawler  
  43  3:56  Queen, Drone x3  
  43  3:57  Drone x2  
  50  4:04  Overlord  
  50  4:06  Drone x5  
  55  4:10  Spore Crawler, Drone  
  55  4:13  Drone  
  55  4:15  Lair  
  56  4:19  Drone x2  
  56  4:23  Drone  
  59  4:25  Extractor  
  59  4:26  Extractor  
  59  4:30  Drone  
  59  4:31  Roach Warren, Drone x2  
  56  4:32  Drone  
  59  4:38  Drone x2  
  59  4:39  Drone x2  
  63  4:46  Overlord  
  63  4:50  Drone x3  
  66  4:56  Overlord  
  66  4:59  Overlord  
  66  5:07  Drone x3  
  62  5:08  Drone x3  
  62  5:09  Drone x3  
  69  5:14  Glial Reconstitution  
  69  5:16  Drone x4  
  69  5:18  Extractor, Drone  
  69  5:21  Extractor, Drone  
  73  5:25  Overseer  
  73  5:28  Drone  
  74  5:29  Drone  
  74  5:32  Extractor  
  74  5:35  Roach  
  76  5:36  Evolution Chamber  
  76  5:37  Roach  
  76  5:40  Roach x2  
  81  5:49  Queen, Spore Crawler  
  82  5:52  Overlord  
  80  5:59  Drone  
  81  6:05  Drone x3  
  81  6:08  Spire  
  78  6:11  Drone x2  
  78  6:12  Drone x3  
  78  6:14  Zerg Missile Weapons Level 1  
  78  6:16  Roach x6  
  95  6:28  Overseer  
  95  6:29  Drone  
  95  6:30  Drone x2  
  98  6:34  Hatchery  
  98  6:39  Overlord  
  97  6:41  Overlord  
  97  6:44  Overlord  
  97  6:45  Drone  
  98  6:56  Overlord  
  98  6:59  Overlord  
  93  7:15  Drone  
  93  7:16  Drone x2  
  93  7:18  Drone  
  93  7:19  Mutalisk x10  
  93  7:21  Drone x3  
  120  7:24  Zerg Flyer Weapons Level 1  
  120  7:30  Overlord  
  120  7:43  Roach x6  
  120  7:44  Roach x3  
  126  7:46  Overlord  
  126  7:54  Roach x5  
  126  7:55  Roach  
  130  8:00  Drone x2  
  130  8:01  Drone  
  130  8:04  Roach  
  135  8:16  Drone  
  135  8:17  Drone x4  
  135  8:19  Extractor  
  139  8:20  Extractor  
  139  8:24  Mutalisk  
  139  8:25  Mutalisk x5  
  139  8:26  Drone  
  139  8:27  Drone  
  152  8:40  Mutalisk x3  
  158  8:42  Drone x2  
  158  8:48  Overlord x3  
  160  8:49  Overlord  
  158  9:00  Drone  
  158  9:02  Drone  
  160  9:03  Hydralisk Den  
  160  9:04  Baneling Nest  
  160  9:06  Mutalisk x4  
  166  9:12  Drone x4  
  166  9:14  Overlord  
  168  9:33  Hatchery  
  168  9:34  Grooved Spines  
  167  9:39  Hydralisk x5  
  167  9:40  Hydralisk x5  
  187  9:47  Centrifical Hooks  
  187  9:49  Hydralisk  
  189  10:00  Hatchery  
  188  10:07  Hydralisk x2  
  188  10:08  Hydralisk x2  
  196  10:15  Zerg Melee Weapons Level 1  
  197  10:21  Drone x4  
  197  10:25  Overlord  
  200  10:29  Overlord  
  200  10:35  Overlord  
  200  10:39  Spine Crawler  
  200  10:40  Spine Crawler x2  
  197  10:42  Overlord  
  197  10:43  Spine Crawler  
  197  10:44  Spine Crawler x3  
  197  10:45  Muscular Augments, Zergling x14  
  190  11:05  Zergling x10  
  190  11:06  Zergling x10  
  196  11:17  Zergling x8  
  200  11:25  Baneling  
  200  11:26  Baneling x12  
  200  11:27  Baneling  
  200  11:31  Evolution Chamber  
  199  11:33  Baneling x15  
  199  11:35  Drone  
  188  11:55  Zergling x2  
  188  11:56  Zergling x36  
  164  12:14  Zergling x16  

Tags
 
Add a new tag
Caveats
  • Supply blocks, unpowered buildings, or Contaminate may cause inaccurate times.
  • Supply counts are checked every 10 seconds.